 Dungeon Crawl Stone Soup version 0.30.1-4-g462c640d31 (webtiles) character file.

Game seed: 4641790402460073762

24 Gorgoleon the Slasher (level 3, -9/28 HPs)
             Began as a Merfolk Gladiator on Aug 20, 2023.
             Mangled by a kobold
             ... wielding a +2 dagger of electrocution
              (12 damage)
             ... on level 1 of the Dungeon.
             The game lasted 00:02:08 (470 turns).

Gorgoleon the Slasher (Merfolk Gladiator)            Turns: 470, Time: 00:02:08

Health: -9/28      AC:  4    Str: 14    XL:     3   Next: 2%
Magic:  3/3        EV: 13    Int:  7    God:
Gold:   34         SH:  0    Dex: 17    Spells: 2/2 levels left

rFire   . . .        a - +0 long sword
rCold   . . .        (no shield)
rNeg    . . .        b - +0 leather armour
rPois   .            c - +0 helmet
rElec   .            (no cloak)
rCorr   .            (no gloves)
SInv    .            (no boots)
Will    .....        (no amulet)
Stlth   +            (no ring)
HPRegen 0.24/turn    (no ring)
MPRegen 0.08/turn

%: no passive effects
@: no status effects
A: (nimble swimmer 2), mertail
a: no special abilities


You were on level 1 of the Dungeon.
You visited 1 branch of the dungeon, and saw 1 of its levels.

You collected 34 gold pieces.

Inventory:

Hand Weapons
 a - a +0 long sword (weapon)
Missiles
 d - 3 throwing nets (quivered)
 e - a javelin
 f - 3 poisoned darts
 h - a stone
Armour
 b - a +0 leather armour (worn)
 c - a +0 helmet (worn)
Scrolls
 g - 2 scrolls of identify {unknown}


   Skills:
 * Level 2.6 Fighting
 + Level 4.3 Long Blades
 - Level 2.0 Throwing
 * Level 0.7 Armour
 - Level 4.0 Dodging


You had 2 spell levels left.
You didn't know any spells.
Your spell library was empty.

Dungeon Overview and Level Annotations

Branches:
Dungeon (1/15)

Altars:


Innate Abilities, Weirdness & Mutations

((You are very nimble when in or above water. (Stealth+, EV+, Speed+++)))
Your lower body shifts to a powerful aquatic tail in water.


Message History

No target in view!
There is a stone staircase leading down here.
Your legs become a tail as you enter the water.
Found a stone staircase leading down.
A kobold comes into view.
It is wielding a +2 dagger of electrocution.
Found a stone staircase leading down.
A kobold is nearby!
The kobold shouts!
Found a plate armour.
You closely miss the kobold. The kobold closely misses you.
You hit the kobold but do no damage.
The kobold hits you with a +2 dagger of electrocution.
You are electrocuted!!
Ouch! That really hurt!
* * * LOW HITPOINT WARNING * * *
You are too injured to fight recklessly!
You are too injured to fight recklessly!
You closely miss the kobold. The kobold closely misses you.
You completely miss the kobold.
The kobold hits you but does no damage. x2
You closely miss the kobold.
The kobold hits you with a +2 dagger of electrocution.
* * * LOW HITPOINT WARNING * * *
You barely miss the kobold.
The kobold hits you with a +2 dagger of electrocution.
* * * LOW HITPOINT WARNING * * *
You aren't carrying any potions.
You barely miss the kobold.
The kobold hits you with a +2 dagger of electrocution.
* * * LOW HITPOINT WARNING * * *
You closely miss the kobold.
The kobold hits you with a +2 dagger of electrocution.
* * * LOW HITPOINT WARNING * * *
You barely miss the kobold.
The kobold hits you with a +2 dagger of electrocution.
* * * LOW HITPOINT WARNING * * *
The kobold hits you but does no damage.
You miss the kobold. The kobold hits you but does no damage.
You closely miss the kobold. The kobold hits you but does no damage.
You are electrocuted!
You die...

......## ....#..... #####..#
##.####.## # ##.# ##.# #.# #
#.### .##.# #.# ######...### [#
#.# #.# ....####...## ..#
#.####†## ....# ###..## ##..#
#)##..... ...[#
##..####..>#####.##..... ....##
##....@K# #............ .##..##
##..######.#.######### ####..#
#####...........#
#####.###..........##.###
..........######.#.....#
.#######.............#.#
...#####............##†###
......##.........#.###...######
.........#######.#............#


You could see a kobold.

Vanquished Creatures
  2 dart slugs (D:1)
  A bat (D:1)
  An endoplasm (D:1)
  A giant cockroach (D:1)
  A hobgoblin (D:1)
  2 jackals (D:1)
  A quokka (D:1)
  A ball python (D:1)
  4 goblins (D:1)
  3 kobolds (D:1)
  A rat (D:1)
18 creatures vanquished.

Notes
Turn   | Place    | Note
-------+----------+-------------------------------------------
     0 | D:1      | Gorgoleon the Merfolk Gladiator began the quest for the
                  | Orb.
     0 | D:1      | Reached XP level 1. HP: 16/16 MP: 1/1
   118 | D:1      | Reached XP level 2. HP: 23/23 MP: 2/2
   366 | D:1      | Reached XP level 3. HP: 27/28 MP: 3/3
   470 | D:1      | Mangled by a kobold

Illustrated notes

Levels and vault maps discovered:
D:1:      scummos_arrival_forest, layout_rooms, serial_bayou_lake_a

Skill      XL: |  1 |
---------------+----+-----
Long Blades    | 4 |  4.3
Fighting       | |  2.6
Throwing       | |  2.0
Armour         | |  0.7
Dodging        | |  4.0

Action                     || total
---------------------------++-------
  Melee: Long sword        ||    64
   Stab: Sleeping          ||     1
 Armour: Leather armour    ||    18
  Dodge: Dodged            ||    39
